 Dungeon Crawl Stone Soup version 0.16-a0-2038-g968ce0a (webtiles) character file.

10889 Fiveotanaka the Severer (level 11, -1/83 HPs)
             Began as a Minotaur Fighter on Nov 11, 2014.
             Was an Elder of Qazlal.
             Slain by a red ugly thing (13 damage)
             ... on level 11 of the Dungeon.
             The game lasted 00:25:41 (10418 turns).

Fiveotanaka the Severer (Minotaur Fighter)         Turns: 10418, Time: 00:25:42

Health: -1/83      AC: 18    Str: 22    XL:     11   Next: 42%
Magic:  4/4        EV:  4    Int:  5    God:    Qazlal [****..]
Gold:   527        SH: 15    Dex: 12    Spells: 0 memorised, 10 levels left

rFire  . . .     SeeInvis .     O - +0 broad axe
rCold  + . .     Clarity  .     N - +0 plate armour
rNeg   . . .     SustAb   .     c - +0 shield
rPois  .         Gourm    .     (helmet restricted)
rElec  .         Spirit   .     (no cloak)
rCorr  .         Warding  .     o - +2 pair of gloves
rMut   .         Stasis   .     (no boots)
MR     .....                    (no amulet)
Stlth  ..........               M - ring of protection from cold
                                k - ring of teleport control

@: repel missiles, not resistant to hostile enchantments, extremely unstealthy
A: retaliatory headbutt, horns 2
a: Upheaval, Elemental Force, Renounce Religion, Evoke Teleport Control


You were on level 11 of the Dungeon.
You worshipped Qazlal.
Qazlal was greatly pleased with you.
You were not hungry.

You visited 2 branches of the dungeon, and saw 12 of its levels.
You also visited: Ossuary.

You collected 637 gold pieces.
You spent 110 gold pieces at shops.

Inventory:

Hand weapons
 C - a cursed -3 battleaxe
 O - a +0 broad axe (weapon)
Armour
 c - a +0 shield (worn)
 o - a +2 pair of gloves (worn)
 N - a +0 plate armour (worn)
Jewellery
 k - a ring of teleport control (left hand)
 M - a ring of protection from cold (right hand)
 P - an uncursed ring of ice
Magical devices
 b - a wand of digging (8)
 g - a wand of magic darts (22)
 K - a wand of draining (3)
 R - a wand of paralysis (16)
 V - a wand of frost (19)
 W - a wand of fire (9)
Scrolls
 h - 7 scrolls of teleportation
 i - 2 scrolls of enchant weapon {unknown}
 l - a scroll of blinking
 p - 4 scrolls of fear {unknown}
 r - a scroll of enchant armour {unknown}
 x - 2 scrolls of recharging {unknown}
 y - 2 scrolls of magic mapping {unknown}
 B - 2 scrolls of remove curse
 D - 3 scrolls of amnesia
 H - 2 scrolls of random uselessness {unknown}
 J - a scroll of fog {unknown}
 Q - 3 scrolls of identify
 U - a scroll of immolation {unknown}
 X - a scroll of silence {unknown}
Potions
 a - a potion of lignification {unknown}
 e - 3 potions of might
 f - 8 potions of curing
 m - 6 potions of heal wounds
 n - 2 potions of haste
 q - 2 potions of brilliance
 s - a potion of magic {unknown}
 u - a potion of cancellation {unknown}
 v - 2 potions of invisibility
 z - a potion of restore abilities {unknown}
 A - 2 potions of porridge
 E - a potion of degeneration {unknown}
 I - 2 potions of cure mutation
Books
 F - a book of Power

   Spells                             Type                      Level
   Fulminant Prism                    Conjuration/Hexes            4
   Iskenderun's Mystic Blast          Conjuration                  4
   Venom Bolt                         Conjuration/Poison           5
   Bolt of Magma                      Conjuration/Fire/Earth       5
   Iron Shot                          Conjuration/Earth            6
   Orb of Destruction                 Conjuration                  7
 L - a book of Party Tricks

   Spells                             Type                      Level
   Summon Butterflies                 Summoning                    1
   Apportation                        Translocation                1
   Blink                              Translocation                2
   Tukima's Dance                     Hexes                        3
   Alistair's Intoxication            Transmutation/Poison         4
 S - a book of Frost

   Spells                             Type                      Level
   Freeze                             Ice                          1
   Throw Frost                        Conjuration/Ice              2
   Ozocubu's Armour                   Charms/Ice                   3
   Throw Icicle                       Conjuration/Ice              4
   Summon Ice Beast                   Ice/Summoning                4
   Condensation Shield                Ice                          4
Comestibles
 d - 5 bread rations
 j - 7 beef jerkies
 t - 6 fruits
 w - 3 slices of pizza
 G - 8 meat rations
 T - 2 chunks of flesh


   Skills:
 - Level 3.8 Fighting
 - Level 16.0 Axes
 - Level 11.0 Armour
 + Level 7.8 Dodging
 - Level 3.9 Shields


You had 10 spell levels left.
You didn't know any spells.

Dungeon Overview and Level Annotations

Branches:
Dungeon (11/15)            Temple (1/1) D:5             Orc (0/4) D:11
   Lair: D:8-11

Altars:
Ashenzari
Cheibriados
Elyvilon
Fedhas
Gozag
Kikubaaqudgha
Makhleb
Nemelex Xobeh
Okawaru
Qazlal
Ru
Sif Muna
Trog
Vehumet
Xom
Yredelemnul
Zin
The Shining One
Lugonu

Shops:
D:7 *


Innate Abilities, Weirdness & Mutations

You reflexively headbutt those who attack you in melee.
You have a pair of horns on your head.


Message History

You slash the red ugly thing!
The red ugly thing is heavily wounded.
You hit the orc.
The orc is heavily wounded.
The orc hits you but does no damage. You block the red ugly thing's attack.
You hit the red ugly thing but do no damage.
The red ugly thing is heavily wounded.
You slice the orc!!
You kill the orc!
Qazlal accepts your kill. You block the red ugly thing's attack.
You slash the red ugly thing!
The red ugly thing is severely wounded.
You hit the red ugly thing.
Your headbutt misses the red ugly thing.
The red ugly thing is severely wounded.
The red ugly thing gores you.
* * * LOW HITPOINT WARNING * * *
You are engulfed in flames!
You die...

.......#......# #
..............# .#.
..............# ...
.............## ..
....##...##...# .#
.#######.##...###.# .
..### ##........§:###...
....###..##....§....%...#
........######.§@u.#..
.)...##..# ##..§§#
....§.#..## #.§...#
.....§....# ..##...#
....§...##....##....#
..>........#..##......
...........##.##......
...........# .....#
...<.......# ...


You could see a red ugly thing.

Vanquished Creatures
  Josephine (D:10)
  Fannar (D:10)
  A hill giant (D:10)
  A komodo dragon (D:10)
  A two-headed ogre (D:9)
  A troll (D:10)
  Prince Ribbit (D:9)
  2 deep elf magi
  4 hippogriffs
  Eustachio (D:9)
  9 yaks
  A wraith (D:11)
  A hungry ghost (D:10)
  A wyvern (D:11)
  A water moccasin (D:6)
  5 ice beasts
  2 orc warriors
  3 phantoms
  A sky beast (D:10)
  9 ogres
  4 centaurs
  Sigmund (D:3)
  Duvessa (D:4)
  2 elf zombies
  2 big kobolds (D:10)
  Blork the orc (D:4)
  A gnoll sergeant (D:7)
  6 giant frogs
  2 scorpions
  A hippogriff zombie (D:6)
  An electric eel (D:6)
  8 wights
  A yak zombie (D:11)
  6 crimson imps
  A goliath beetle (D:9)
  Dowan (D:4)
  A quasit (D:9)
  A giant frog skeleton (D:10)
  A giant frog zombie (D:10)
  A black bear zombie (D:5)
  A wyvern simulacrum (D:10)
  5 hounds
  4 jellies
  4 orc priests
  2 centaur skeletons
  13 orc wizards
  4 worker ants
  2 iguanas
  2 big kobold zombies
  An elf simulacrum (D:10)
  An ogre skeleton (D:6)
  3 hound zombies
  4 mummies (Ossuary)
  11 adders
  14 gnolls
  A steam dragon zombie (D:8)
  A white imp (D:9)
  3 shadow imps
  A giant mite (D:5)
  2 worms
  An adder skeleton (D:8)
  4 orc skeletons
  5 giant geckos
  25 orcs
  5 giant cockroaches
  A gnoll zombie (Ossuary)
  16 hobgoblins
  13 jackals
  6 quokkas
  2 ball pythons
  9 bats
  3 giant newts
  13 goblins
  A goblin zombie (Ossuary)
  2 hobgoblin zombies (Ossuary)
  2 jackal zombies (Ossuary)
  18 kobolds
  2 orc zombies
  A quokka zombie (D:6)
  8 rats
  2 rat zombies (Ossuary)
  A plant (D:6)
309 creatures vanquished.

Vanquished Creatures (others)
  An electric eel (D:6)
  An orc wizard (D:9)
  A jackal (D:6)
3 creatures vanquished.

Grand Total: 312 creatures vanquished

Notes
Turn   | Place    | Note
--------------------------------------------------------------
     0 | D:1      | Fiveotanaka, the Minotaur Fighter, began the quest for the Orb.
     0 | D:1      | Reached XP level 1. HP: 19/19 MP: 1/1
   441 | D:1      | Reached XP level 2. HP: 24/27 MP: 1/1
  1067 | D:2      | Found a blossoming altar of Fedhas.
  1488 | D:3      | Reached XP level 3. HP: 30/33 MP: 2/2
  1505 | D:3      | Found a basalt altar of Yredelemnul.
  1540 | D:3      | Reached skill level 4 in Axes
  1760 | D:3      | Noticed Sigmund
  1777 | D:3      | Killed Sigmund
  1777 | D:3      | Reached skill level 5 in Axes
  1777 | D:3      | Reached XP level 4. HP: 18/40 MP: 2/2
  1984 | D:3      | Reached skill level 6 in Axes
  1984 | D:3      | Reached XP level 5. HP: 46/46 MP: 2/2
  2437 | D:4      | Noticed Blork the orc
  2447 | D:4      | Killed Blork the orc
  2447 | D:4      | Reached skill level 7 in Axes
  2453 | D:4      | Reached XP level 6. HP: 52/52 MP: 3/3
  2700 | D:4      | Noticed Duvessa
  2700 | D:4      | Noticed Dowan
  2703 | D:4      | Reached skill level 8 in Axes
  2706 | D:4      | Killed Duvessa
  2713 | D:4      | Found a sparkling altar of Nemelex Xobeh.
  2715 | D:4      | Killed Dowan
  2715 | D:4      | Reached skill level 9 in Axes
  2877 | D:4      | Reached XP level 7. HP: 52/58 MP: 3/3
  3187 | D:4      | Noticed an ogre
  3190 | D:4      | Killed an ogre
  3202 | D:4      | Found a snail-covered altar of Cheibriados.
  3210 | D:4      | Found a deep blue altar of Sif Muna.
  3410 | D:5      | Entered Level 5 of the Dungeon
  3428 | D:5      | Found a staircase to the Ecumenical Temple.
  3463 | Temple   | Entered the Ecumenical Temple
  3491 | Temple   | Became a worshipper of Qazlal Stormbringer
  3544 | D:5      | Found a stormy altar of Qazlal.
  3548 | D:5      | Reached skill level 10 in Axes
  3834 | D:5      | Reached skill level 11 in Axes
  3857 | D:5      | Reached XP level 8. HP: 64/66 MP: 3/3
  4107 | D:5      | Found a radiant altar of Vehumet.
  4185 | D:6      | Acquired Qazlal's first power
  4474 | D:6      | Reached skill level 12 in Axes
  4728 | D:6      | Found a sand-covered staircase.
  4739 | Ossuary  | Entered an ossuary
  4749 | Ossuary  | Acquired Qazlal's second power
  5121 | D:6      | Reached skill level 13 in Axes
  5389 | D:6      | Reached XP level 9. HP: 64/71 MP: 4/4
  5670 | D:6      | Reached skill level 14 in Axes
  5723 | D:7      | Found an ancient bone altar of Kikubaaqudgha.
  5807 | D:7      | Found Vaafulum's General Store.
  5836 | D:7      | Bought a scroll of blinking for 97 gold pieces
  5836 | D:7      | Bought a potion of confusion for 13 gold pieces
  6308 | D:7      | Reached skill level 15 in Axes
  6506 | D:7      | Found an iron altar of Okawaru.
  6631 | D:8      | Acquired Qazlal's third power
  6892 | D:8      | Reached skill level 16 in Axes
  6948 | D:8      | Found a white marble altar of Elyvilon.
  7027 | D:8      | Reached XP level 10. HP: 78/78 MP: 4/4
  7301 | D:9      | Noticed Prince Ribbit
  7312 | D:9      | Reached skill level 5 in Armour
  7720 | D:9      | Killed Prince Ribbit
  7726 | D:9      | Acquired Qazlal's fourth power
  7883 | D:9      | Noticed Eustachio
  7897 | D:9      | Killed Eustachio
  8144 | D:9      | Found a glowing silver altar of Zin.
  8403 | D:10     | Entered Level 10 of the Dungeon
  8445 | D:10     | Noticed Josephine
  8447 | D:10     | Noticed Fannar
  8448 | D:10     | Paralysed by Josephine for 6 turns
  8451 | D:10     | Killed Josephine
  8464 | D:10     | Reached skill level 10 in Armour
  8647 | D:10     | Killed Fannar
  9086 | D:10     | Noticed a hill giant
  9095 | D:10     | Killed a hill giant
  9095 | D:10     | Reached XP level 11. HP: 59/83 MP: 4/4
  9184 | D:10     | Reached skill level 5 in Dodging
 10374 | D:11     | Found a staircase to the Orcish Mines.
 10418 | D:11     | Slain by a red ugly thing

Action                   |  1- 3 |  4- 6 |  7- 9 | 10-12 || total
-------------------------+-------+-------+-------+-------++-------
Melee: War axe           |    62 |   102 |   166 |       ||   330
       Broad axe         |       |       |   239 |   340 ||   579
  Use: Scroll            |       |       |    10 |       ||    10
       Potion            |       |       |       |     1 ||     1
  Eat: Chunk             |     2 |     4 |     9 |     8 ||    23
       Bread ration      |       |       |     1 |       ||     1
       Royal jelly       |       |       |       |     1 ||     1
       Beef jerky        |       |       |       |     1 ||     1
